 Seeded DCSS version 0.29.1-15-g9cfb28693d (webtiles) character file.

Game seed: 2687677490326317623 (custom seed)

12 Gelion the Trooper (level 2, 0/31 HPs)
             Began as an Ogre Warper on July 30, 2023.
             Slain by a giant cockroach (2 damage)
             ... on level 2 of the Dungeon.
             The game lasted 00:01:32 (1140 turns).

Gelion the Trooper (Ogre Warper)                    Turns: 1140, Time: 00:01:33

Health: 0/31       AC:  3    Str: 14    XL:     2   Next: 33%
Magic:  5/5        EV:  9    Int: 14    God:
Gold:   57         SH:  0    Dex:  8    Spells: 6/6 levels left

rFire   . . .      SeeInvis .   a - +0 mace
rCold   . . .      Faith    .   (no shield)
rNeg    . . .      Spirit   .   b - +0 robe
rPois   .          Reflect  .   (helmet restricted)
rElec   .          Harm     .   (no cloak)
rCorr   .          Rampage  .   (gloves unavailable)
Will    .....                   (boots unavailable)
Stlth   +.........              (no amulet)
HPRegen 0.10/turn               (no ring)
MPRegen 0.09/turn               (no ring)

@: no status effects
A: large, unfitting armour, tough skin 1
a: no special abilities


You were on level 2 of the Dungeon.
You visited 1 branch of the dungeon, and saw 2 of its levels.

You collected 57 gold pieces.

Inventory:

Hand Weapons
 a - a +0 mace (weapon)
Missiles
 d - 7 boomerangs of dispersal (quivered)
Armour
 b - a +0 robe (worn)
Wands
 j - a wand of acid (8)
Scrolls
 c - a scroll of blinking
 e - a scroll of teleportation {unknown}
 f - a scroll of enchant armour {unknown}
 h - a scroll of identify {unknown}
 i - a scroll of enchant weapon {unknown}
Potions
 g - 3 potions of haste {unknown}
 k - a potion of might {unknown}


   Skills:
 + Level 3.0 Fighting
 * Level 2.0 Maces & Flails
 + Level 1.2 Throwing
 - Level 2.1 Dodging
 + Level 2.6 Spellcasting
 + Level 2.8 Translocations


You had 6 spell levels left.
You didn't know any spells.
Your spell library contained the following spells:

 Spells                   Type           Power      Damage    Failure   Level
 Blink                    Tloc           18%        N/A       11%         2
 Gell's Gravitas          Tloc           9%         N/A       22%         3
 Lesser Beckoning         Tloc           9%         N/A       22%         3
 Teleport Other           Tloc           9%         N/A       22%         3
 Manifold Assault         Tloc           9%         N/A       89%         5


Dungeon Overview and Level Annotations

Branches:
Dungeon (2/15)

Altars:

Annotations:
D:2 Natasha


Innate Abilities, Weirdness & Mutations

You are too large for most types of armour.
You have tough skin. (AC +1)


Message History

You hit Natasha but do no damage. Natasha closely misses you.
The giant cockroach bites you but does no damage.
The giant cockroach closely misses you. Natasha closely misses you.
You hit Natasha.
Natasha is lightly wounded.
The giant cockroach waves its antennae.
The giant cockroach misses you.
Natasha stares at you and mumbles some strange words.
The magic dart hits you.
You closely miss Natasha.
Natasha is lightly wounded.
The giant cockroach bites you but does no damage.
Natasha claws you but does no damage. The giant cockroach bites you.
You hit Natasha but do no damage. You punch Natasha.
Natasha is heavily wounded.
Natasha claws you. The giant cockroach bites you. Natasha barely misses you.
You miss Natasha.
Natasha is heavily wounded.
The giant cockroach misses you. The giant cockroach barely misses you.
Natasha claws you.
* * * LOW HITPOINT WARNING * * *
You completely miss Natasha.
Natasha is heavily wounded.
The giant cockroach closely misses you. Natasha casts a spell at you.
You resist with significant effort. The giant cockroach closely misses you.
You hit Natasha.
Natasha is heavily wounded.
Natasha claws you.
* * * LOW HITPOINT WARNING * * *
The giant cockroach bites you but does no damage.
Natasha claws you.
* * * LOW HITPOINT WARNING * * *
You barely miss Natasha.
Natasha is heavily wounded.
The giant cockroach bites you.
* * * LOW HITPOINT WARNING * * *
Natasha mumbles some strange words.
The giant cockroach bites you.
You die...

##### #....
.#....###################
.........................
...........##############
#......#......... .
######.########## #
........@....... .
#######.Bh.5.... #
#......... # #......... #
.......... .##........ .
......... # . ......... #
#


You could see Natasha, a shadow imp (summoned) and a giant cockroach.

Vanquished Creatures
  An endoplasm (D:1)
  2 quokkas (D:1)
  3 bats
  2 frilled lizards
  3 goblins
  A kobold (D:1)
  2 rats (D:1)
14 creatures vanquished.

Notes
Turn   | Place    | Note
-------+----------+-------------------------------------------
     0 | D:1      | Gelion the Ogre Warper began the quest for the Orb.
     0 | D:1      | Reached XP level 1. HP: 22/22 MP: 3/3
   378 | D:1      | Reached XP level 2. HP: 29/29 MP: 5/5
   884 | D:1      | Reached skill level 3 in Fighting
  1129 | D:2      | Noticed Natasha
  1140 | D:2      | Slain by a giant cockroach

Illustrated notes

Levels and vault maps discovered:
D:1:      minmay_arrival_loop, layout_basic
D:2:      layout_basic, uniq_natasha

Skill      XL: |  1  2 |
---------------+-------+-----
Maces & Flails | 2 |  2.0
Fighting       | 3 |  3.0
Throwing       | |  1.2
Dodging        | |  2.1
Spellcasting   | |  2.6
Translocations | |  2.8

Action                   || total
-------------------------++-------
Melee: Mace              ||    43
       Punch             ||     1
Armor: Robe              ||    16
Dodge: Dodged            ||    21
